 Dungeon Crawl Stone Soup version 0.31-a0-1202-ga8fea8b373 (webtiles) character file.

Game seed: 5939746581415480256

196 Malachi the Shooter (level 5, -1/37 HPs)
             Began as an Octopode Hunter on Dec 12, 2023.
             Succumbed to an adder's poison
             ... on level 3 of the Dungeon.
             The game lasted 00:01:48 (1514 turns).

Malachi the Shooter (Octopode Hunter)               Turns: 1514, Time: 00:01:48

Health: -1/37      AC:  1    Str: 10    XL:     5   Next: 74%
Magic:  5/5        EV: 13    Int: 11    God:
Gold:   51         SH:  0    Dex: 18    Spells: 4/4 levels left

rFire   . . .        a - +0 shortbow
rCold   . . .        (shield currently unavailable)
rNeg    . . .        (helmet restricted)
rPois   .            (no amulet)
rElec   .            (no ring)
rCorr   .            (no ring)
SInv    .            (no ring)
Will    .....        (no ring)
Stlth   +++          (no ring)
HPRegen 0.26/turn    (no ring)
MPRegen 0.09/turn    (no ring)
                     (no ring)

%: no passive effects
@: lethally poisoned (-1 -> -18)
A: almost no armour, amphibious, 8 rings, camouflage 1, gelatinous body 1,
(nimble swimmer 1), tentacles
a: no special abilities


You were on level 3 of the Dungeon.
You visited 1 branch of the dungeon, and saw 3 of its levels.

You collected 51 gold pieces.

Inventory:

Hand Weapons
 a - a +0 shortbow (weapon)
Jewellery
 g - a +6 ring of strength
Wands
 f - a wand of quicksilver (6)
 j - a wand of polymorph (5)
Scrolls
 b - a scroll of butterflies
 d - a scroll of blinking {unknown}
 e - 2 scrolls of revelation {unknown}
 h - a scroll of teleportation {unknown}
 i - a scroll of silence {unknown}
Potions
 c - 4 potions of curing {unknown}


   Skills:
 + Level 4.2 Fighting
 + Level 5.5 Ranged Weapons
 - Level 2.0 Dodging
 - Level 1.3 Stealth


You had 4 spell levels left.
You didn't know any spells.
Your spell library contained the following spells:

 Spells                   Type           Power      Damage    Failure   Level
 Tukima's Dance           Hex            0%         N/A       71%         3
 Passage of Golubria      Tloc           0%         N/A       98%         4
 Yara's Violent Unravell  Hex/Tmut       0%         3d3       100%        5


Dungeon Overview and Level Annotations

Branches:
Dungeon (3/15)

Altars:

Shops:
D:1 (


Innate Abilities, Weirdness & Mutations

You cannot wear most types of armour.
You are amphibious.
You can wear up to eight rings at the same time.
Your skin changes colour to match your surroundings (Stealth+).
Your rubbery body absorbs attacks. (AC +1, EV +1)
((You are camouflaged when in or above water. (Stealth+)))
You have tentacles for arms and can constrict up to eight enemies at once.


Message History

The adder poisons you!
You shoot an arrow. The arrow misses the adder.
You feel sick. The adder barely misses you.
You shoot an arrow. The arrow misses the adder.
You feel sick. The adder bites you.
You are more poisoned.
The adder poisons you! The adder bites you.
You are more poisoned.
The adder poisons you!
You are too injured to fight recklessly!
You are too injured to fight recklessly!
Unknown command.
You are too injured to fight recklessly!
Unknown command.
You are too injured to fight recklessly!
Unknown command.
You are too injured to fight recklessly!
Unknown command.
You are too injured to fight recklessly!
Fire: a) +0 shortbow
Press: ? - help, Q - select action, (/) - cycle Shift-Dir - straight line, f/p - adder
Aim: an adder (heavily wounded, 50% to hit)
You shoot an arrow. The arrow completely misses the adder.
You feel very sick. The adder bites you.
* * * LOW HITPOINT WARNING * * *
You are more poisoned.
The adder poisons you! The adder bites you.
* * * LOW HITPOINT WARNING * * *
You are more poisoned.
The adder poisons you!
Unknown command.
Fire: a) +0 shortbow
Press: ? - help, Q - select action, (/) - cycle Shift-Dir - straight line, f/p - adder
Aim: an adder (heavily wounded, 50% to hit)
You shoot an arrow. The arrow hits the adder.
You kill the adder!
* * * LOW HITPOINT WARNING * * *
You feel very sick.
You die...

. .. ... ....
..~.. .$~...####
~~~..††.@# ###
.$~...##.###.....
..~.. #.....#
.... #.##### ...
#.# .. ##.# .
#..# ####### #.##
##.......
#.####........


There were no monsters in sight!

Vanquished Creatures
  Jessica (D:2)
  Natasha (thrice) (D:2)
  4 adders
  3 worms
  2 dart slugs (D:1)
  2 bats (D:2)
  7 endoplasms
  A giant cockroach (D:2)
  2 goblins
  3 hobgoblins (D:1)
  3 jackals (D:1)
  2 kobolds
  3 quokkas
  8 ball pythons
  4 frilled lizards
  5 rats
53 creatures vanquished.

Notes
Turn   | Place    | Note
-------+----------+-------------------------------------------
     0 | D:1      | Malachi the Octopode Hunter began the quest for the Orb.
     0 | D:1      | Reached XP level 1. HP: 14/14 MP: 1/1
    86 | D:1      | Reached XP level 2. HP: 20/20 MP: 2/2
   327 | D:1      | Found Woghitat's Antique Weapon Boutique.
   358 | D:1      | Reached XP level 3. HP: 22/25 MP: 3/3
   818 | D:2      | Reached XP level 4. HP: 31/31 MP: 4/4
   826 | D:2      | Noticed Natasha
   830 | D:2      | Killed Natasha
   831 | D:2      | Reached skill level 5 in Ranged Weapons
   902 | D:2      | Noticed Jessica
   910 | D:2      | Killed Jessica
   911 | D:2      | Reached XP level 5. HP: 20/37 MP: 5/5
   995 | D:2      | Noticed Natasha
  1001 | D:2      | Killed Natasha
  1050 | D:2      | Found a faded altar of an unknown god.
  1146 | D:2      | Noticed Natasha
  1151 | D:2      | Killed Natasha
  1514 | D:3      | Succumbed to an adder's poison

Illustrated notes

Levels and vault maps discovered:
D:1:      dpeg_arrival_signposts, layout_basic, serial_shops, shop,
          hangedman_decor_clover_reticule
D:2:      layout_basic, shapermc_ecumenical_altar_mp_highgroup,
          due_unseen_surprise, uniq_jessica, uniq_natasha
D:3:      layout_loops_cross, grunt_ministairs_7, kennysheep_generic_room_16,
          uniq_pargi

Skill      XL: |  1  2  3  4  5 |
---------------+----------------+-----
Fighting       | 3 4 |  4.2
Ranged Weapons | 5 |  5.5
Dodging        | |  2.0
Stealth        | |  1.3

Action                     |  1- 3 |  4- 6 || total
---------------------------+-------+-------++-------
   Fire: Shortbow          |    80 |    76 ||   156
 Armour: Skin              |     9 |    16 ||    25
  Dodge: Dodged            |    11 |    14 ||    25

Table legend: (Time is in decaauts)
 A = Elapsed time spent in this place.
 B = Non-inter-level travel time spent in this place.
 C = Inter-level travel time spent in this place.
 D = Time resting spent in this place.
 E = Time spent auto-exploring this place.
 F = Levels seen in this place.
 G = Mean time per level.
                   A        B        C        D        E       F      G
               +--------+--------+--------+--------+--------+-----+--------+
         Total |   1545 |   1418 |    127 |      0 |   1142 |   3 |  515.0 |
       Dungeon |   1545 |   1418 |    127 |      0 |   1142 |   3 |  515.0 |
               +--------+--------+--------+--------+--------+-----+--------+

Top non-repeatable levels by time:
     D:1: 743 daAuts
     D:2: 714 daAuts
     D:3: 88 daAuts
